 Dungeon Crawl Stone Soup version 0.31.0-12-g77e489cdc1 (webtiles) character file.

Game seed: 7764698456371994954

3738 Curundu the Grappler (level 9, 0/138 HPs)
             Began as a Troll Berserker on Feb 23, 2024.
             Was an Elder of Trog.
             Slain by a gnoll
             ... wielding a +0 halberd
             ... led by a gnoll sergeant
              (3 damage)
             ... on level 8 of the Dungeon.
             The game lasted 00:19:12 (5940 turns).

Curundu the Grappler (Troll Berserker)              Turns: 5940, Time: 00:19:12

Health: 0/138      AC:  6    Str: 37    XL:     9   Next: 93%
Magic:  8/8        EV: 10    Int:  3    God:    Trog [****..]
Gold:   406        SH:  0    Dex:  9    Spells: 8/8 levels left

rFire   . .          .
                       - Unarmed
rCold   + . .        (no shield)
rNeg    . . .        b - +0 animal skin
rPois   .            (helmet restricted)
rElec   .            h - +1 cloak
rCorr   .            (gloves unavailable)
SInv    .            (boots unavailable)
Will    .....        (no amulet) Stlth
                     o - +6 ring of strength
HPRegen 1.23/turn    C - ring of protection from cold
MPRegen 0.11/turn

%: no passive effects
@: berserking, very quick
A: large, unfitting armour, claws 3, regeneration 1, shaggy fur 1, tough skin 1
a: Renounce Religion, Berserk, Trog's Hand, Brothers in Arms


You were on level 8 of the Dungeon.
You worshipped Trog.
Trog was greatly pleased with you.
You visited 1 branch of the dungeon, and saw 8 of its levels.
You also visited: Sewer.

You collected 406 gold pieces.

Inventory:

Missiles
 k - 6 boomerangs (quivered)
Armour
 b - a +0 animal skin (worn)
 h - a +1 cloak (worn)
Jewellery
 o - a +6 ring of strength (left claw)
 C - a ring of protection from cold (right claw)
Wands
 i - a wand of quicksilver (12)
 A - a wand of paralysis (9)
Scrolls
 a - 3 scrolls of fog
 d - a scroll of amnesia
 e - a scroll of identify
 f - 3 scrolls of fear
 u - 2 scrolls of teleportation
Potions
 c - 2 potions of might {unknown}
 g - 4 potions of mutation
 j - a potion of enlightenment {unknown}
 l - a potion of heal wounds {unknown}
 m - 3 potions of attraction {unknown}
 s - 2 potions of magic
 t - 2 potions of resistance {unknown}
 v - a potion of invisibility {unknown}
 x - a potion of brilliance {unknown}
 z - 2 potions of lignification {unknown}


   Skills:
 * Level 6.8 Fighting
 - Level 3.2 Maces & Flails
 - Level 3.5 Dodging
 - Level 0.2 Stealth
 + Level 11.4 Unarmed Combat


You had 8 spell levels left.
You didn't know any spells.
Your spell library was empty.

Dungeon Overview and Level Annotations

Branches:
Dungeon (8/15)             Temple (0/1) D:4           Sewer (visited)
   Lair: D:8-11

Altars:
Cheibriados
Dithmenos
Gozag
Wu Jian

Shops:
D:4 !


Innate Abilities, Weirdness & Mutations

You are too large for most types of armour.
You have claws for hands.
Your natural rate of healing is unusually fast.
You are covered in fur. (AC +1)
You have tough skin. (AC +1)


Message History

The gnoll sergeant is moderately wounded.
The gnoll sergeant misses you. The gnoll barely misses you.
The gnoll hits you with a +0 halberd!
* * * LOW HITPOINT WARNING * * *
You claw the gnoll sergeant!
The gnoll sergeant is severely wounded.
The gnoll hits you with a +0 spear.
* * * LOW HITPOINT WARNING * * *
The gnoll sergeant closely misses you. The gnoll hits you but does no damage.
A red film seems to cover your vision as you go berserk!
You feel yourself moving faster!
You feel mighty! The gnoll barely misses you. The gnoll closely misses you.
The gnoll sergeant barely misses you.
You mangle the gnoll sergeant!!
You kill the gnoll sergeant!
Trog accepts your kill.
You barely miss the bullfrog. The gnoll barely misses you.
The gnoll hits you with a +0 halberd!
* * * LOW HITPOINT WARNING * * *
The bullfrog hits you.
* * * LOW HITPOINT WARNING * * *
You completely miss the bullfrog. You scratch the bullfrog.
The bullfrog is moderately wounded.
The bullfrog hits you.
* * * LOW HITPOINT WARNING * * *
The gnoll hits you with a +0 halberd!
* * * LOW HITPOINT WARNING * * *
The gnoll hits you with a +0 spear!
* * * LOW HITPOINT WARNING * * *
You mangle the bullfrog!!
You kill the bullfrog!
Trog accepts your kill. The gnoll hits you with a +0 spear.
* * * LOW HITPOINT WARNING * * *
The gnoll barely misses you.
Things that are here:
a +0 spear of distortion; a +0 ring mail You feel a strong urge to attack something.
The gnoll closely misses you. The gnoll hits you with a +0 halberd.
You die...

#######
###.....#####
###...........
#...)....g.###
#.....@)(.<#
#.....)g####
#..........#
#.......##.#
#.####..# # #.
#..# # .[##
... ...


You could see 2 gnolls.

Vanquished Creatures
  Pikel (D:4)
  Jeremiah (D:7)
  Grinder (D:4)
  2 water moccasins (D:5)
  A black bear (D:7)
  6 ice beasts
  2 sky beasts
  An ogre (D:5)
  2 phantoms
  2 brain worms (Sewer)
  3 bullfrogs
  A gnoll sergeant (D:8)
  2 scorpions
  4 bombardier beetles
  4 hounds (D:6)
  6 jellies
  A gnoll bouda (D:4)
  Crazy Yiuf (D:7)
  3 orc priests
  2 iguanas
  4 orc wizards
  13 adders
  6 gnolls
  2 river rats (Sewer)
  3 shadow imps
  A dart slug (D:3)
  6 ribbon worms
  13 orcs
  8 ball pythons
  3 bats
  6 endoplasms
  A giant cockroach (D:3)
  10 goblins
  6 hobgoblins
  2 jackals (D:4)
  5 quokkas
  9 frilled lizards
  4 kobolds
  11 rats
159 creatures vanquished.

Notes
Turn   | Place    | Note
-------+----------+-------------------------------------------
     0 | D:1      | Curundu the Troll Berserker began the quest for the Orb.
     0 | D:1      | Reached XP level 1. HP: 22/22 MP: 0/0
   231 | D:1      | Reached XP level 2. HP: 29/29 MP: 1/1
   754 | D:2      | Reached ** piety under Trog
   755 | D:2      | Reached XP level 3. HP: 35/36 MP: 2/2
  1416 | D:3      | Noticed a scorpion
  1429 | D:3      | Killed a scorpion
  1430 | D:3      | Reached skill level 1 in Unarmed Combat
  1430 | D:3      | Reached XP level 4. HP: 21/45 MP: 3/3
  1546 | D:3      | Reached XP level 5. HP: 53/53 MP: 4/4
  2207 | D:4      | Found a shadowy altar of Dithmenos.
  2247 | D:4      | Found a staircase to the Ecumenical Temple.
  2270 | D:4      | Noticed Grinder
  2270 | D:4      | Noticed a lemure
  2275 | D:4      | Noticed a lemure
  2275 | D:4      | Noticed a lemure
  2276 | D:4      | Noticed a lemure
  2276 | D:4      | Noticed Pikel
  2294 | D:4      | Killed Pikel
  2295 | D:4      | Reached skill level 4 in Unarmed Combat
  2295 | D:4      | Reached XP level 6. HP: 17/65 MP: 5/5
  2295 | D:4      | Reached XP level 7. HP: 19/71 MP: 6/6
  2300 | D:4      | Killed Grinder
  2301 | D:4      | Reached skill level 5 in Fighting
  2356 | D:4      | Found an ornate altar of the Wu Jian Council.
  2368 | D:4      | Reached skill level 5 in Unarmed Combat
  2425 | D:4      | Found a snail-covered altar of Cheibriados.
  2471 | D:4      | Found Veivadum's Distillery.
  2673 | D:4      | Reached XP level 8. HP: 81/81 MP: 7/7
  2706 | D:4      | Reached *** piety under Trog
  3084 | D:5      | Entered Level 5 of the Dungeon
  3199 | D:5      | Reached skill level 6 in Unarmed Combat
  3265 | D:5      | Found a glowing drain.
  3269 | Sewer    | Entered a sewer
  3509 | Sewer    | Reached skill level 7 in Unarmed Combat
  3836 | D:5      | Found an opulent altar of Gozag.
  3860 | D:5      | Reached skill level 8 in Unarmed Combat
  4078 | D:5      | Reached XP level 9. HP: 27/89 MP: 8/8
  4222 | D:5      | Reached skill level 9 in Unarmed Combat
  4354 | D:5      | Noticed a troll
  4470 | D:6      | Identified the +1 chain mail of Doffidue {Rampage Regen+
                  | Dex+8 Slay-3}
  4570 | D:6      | Reached **** piety under Trog
  4578 | D:6      | Reached skill level 10 in Unarmed Combat
  5450 | D:7      | Noticed Jeremiah
  5518 | D:7      | Killed Jeremiah
  5519 | D:7      | Reached skill level 11 in Unarmed Combat
  5873 | D:7      | Found a runed translucent door.
  5873 | D:7      | Noticed Crazy Yiuf
  5881 | D:7      | Killed Crazy Yiuf
  5884 | D:7      | Identified the +1 hammer of Skirmishing {freeze, rElec
                  | rCorr Int+3}
  5937 | D:8      | HP: 4/138 [gnoll/+0 spear[a gnoll sergeant] (7)]
  5940 | D:8      | Slain by a gnoll

Illustrated notes

Levels and vault maps discovered:
D:1:      saegor_arrival_simple_a, layout_rooms, minmay_tree_intersection,
          grunt_decor_resistance, hangedman_abyss_or_decor_stabs
D:2:      layout_loops_ring, kennysheep_potato
D:3:      layout_basic, roderic_roman_lattice, feat_on_display
D:4:      kennysheep_the_goblin_king, layout_loops_cross,
          mainiacjoe_overflow_alcove_4, cheibrodos_worm_habitat,
          mainiacjoe_overflow_brackets, minmay_temple_entry_statues_fountains,
          hangedman_decor_opposing, nicolae_take_the_stairs, uniq_pikel,
          uniq_grinder
D:5:      layout_basic, nicolae_gozag_cash_rules_everything_around_me,
          gup_sewer_entry_spiral, lightli_corner_chamber
D:6:      layout_basic, minmay_misc_feat_doors
D:7:      layout_loops_ring, minmay_misc_feat_pillars, uniq_jeremiah,
          uniq_crazy_yiuf_cottage
D:8:      layout_basic, mainiacjoe_overflow_tiny_flanked,
          due_lair_maze_entry_diamond

Skill      XL: |  1  2  3  4  5  6  7  8  9 |
---------------+----------------------------+-----
Maces & Flails | 3 |  3.2
Dodging        | 3 |  3.5
Fighting       | 3 4 5 6 |  6.8
Unarmed Combat | 1 4 5 8 11 | 11.4
Stealth        | |  0.2

Action                     |  1- 3 |  4- 6 |  7- 9 || total
---------------------------+-------+-------+-------++-------
  Melee: Mace              |   123 |    41 |       ||   164
         Unarmed           |       |    19 |   330 ||   349
         Punch             |       |       |     9 ||     9
 Invoke: Berserk           |       |     2 |     4 ||     6
         Trog's Hand       |       |     1 |     3 ||     4
    Use: Scroll            |       |       |    14 ||    14
   Stab: Sleeping          |     1 |       |       ||     1
 Armour: Animal skin       |    91 |    91 |   288 ||   470
  Dodge: Dodged            |    76 |    53 |   172 ||   301
